 Dungeon Crawl Stone Soup version 0.30.1-3-gfc49f6343a (webtiles) character file.

Game seed: 6952458835411591350

1268 spardeous the Conjurer (level 8, 0/57 HPs)
             Began as a Demigod Conjurer on Aug 5, 2023.
             Slain by a vampire (1 damage)
             ... on level 6 of the Dungeon.
             The game lasted 00:06:37 (7198 turns).

spardeous the Conjurer (Demigod Conjurer)           Turns: 7198, Time: 00:06:38

Health: 0/57       AC:  5    Str: 12    XL:     8   Next: 7%
Magic:  9/21       EV: 15    Int: 27    God:
Gold:   242        SH:  0    Dex: 11    Spells: 12/19 levels left

rFire   . . .        k - staff of conjuration
rCold   . . .        (no shield)
rNeg    . . .        p - +0 ring mail
rPois   .            o - +0 helmet
rElec   .            m - +0 cloak
rCorr   .            (no gloves)
SInv    .            w - +0 pair of boots
Will    .....        (no amulet)
Stlth   +            j - +5 ring of evasion
HPRegen 0.29/turn    (no ring)
MPRegen 0.17/turn

%: no passive effects
@: no status effects
A: high MP 1, forlorn, divine attributes, deformed body, strong 1
a: no special abilities


You were on level 6 of the Dungeon.
You visited 1 branch of the dungeon, and saw 6 of its levels.

You collected 242 gold pieces.

Inventory:

Armour
 a - a +0 robe
 m - a +0 cloak (worn)
 o - a +0 helmet (worn)
 p - a +0 ring mail (worn)
 w - a +0 pair of boots (worn)
Magical Staves
 k - a staff of conjuration (weapon)
Jewellery
 j - a +5 ring of evasion (left hand)
Wands
 n - a wand of charming (12)
 u - a wand of mindburst (12)
Scrolls
 f - 7 scrolls of identify {unknown}
 g - 3 scrolls of teleportation {unknown}
 h - a scroll of enchant armour {unknown}
 q - a scroll of brand weapon {unknown}
 r - a scroll of summoning {unknown}
 x - 2 scrolls of enchant weapon {unknown}
 y - a scroll of poison {unknown}
 z - a scroll of fear {unknown}
Potions
 b - a potion of magic
 c - 2 potions of flight {unknown}
 d - a potion of attraction {unknown}
 e - 2 potions of mutation
 i - 3 potions of curing {unknown}
 l - 2 potions of lignification {unknown}
 s - a potion of ambrosia {unknown}
 t - a potion of berserk rage {unknown}
 v - a potion of heal wounds {unknown}
 A - a potion of might {unknown}


   Skills:
 - Level 1.7 Dodging
 - Level 1.7 Stealth
 + Level 6.1 Spellcasting
 + Level 7.4 Conjurations


You had 12 spell levels left.
You knew the following spells:

 Your Spells              Type           Power      Damage    Failure   Level
a - Magic Dart            Conj           100%       1d8       1%          1
b - Searing Ray           Conj           100%       2d8       1%          2
c - Iskenderun's Mystic   Conj/Tloc      42%        2d10      30%         4

Your spell library contained the following spells:

 Spells                   Type           Power      Damage    Failure   Level
 Dazzling Flash           Conj/Hex       84%        N/A       10%         3
 Stone Arrow              Conj/Erth      84%        3d12      10%         3
 Cigotuvi's Dreadful Rot  Necr/Pois/Air  16%        N/A       22%         2
 Fulminant Prism          Conj/Hex       21%        3d12      30%         4
 Animate Armour           Summ/Erth      16%        N/A       82%         4
 Dispel Undead            Necr           8%         3d8       82%         4
 Death Channel            Necr           4%         N/A       100%        6
 Lehudib's Crystal Spear  Conj/Erth      21%        10d6      100%        8


Dungeon Overview and Level Annotations

Branches:
Dungeon (6/15)
 Temple: D:4-7

Shops:
D:1 [


Innate Abilities, Weirdness & Mutations

You have an increased reservoir of magic. (+10% MP)
You shall have no god before yourself.
Your divine heritage dramatically boosts your attributes as you level up.
Armour fits poorly on your strangely shaped body.
Your muscles are strong. (Str +4, Int/Dex -1)


Message History

Aim: a vampire (lightly damaged, 83% to hit)
You feel a surge of power!
The searing ray hits the vampire but does no damage.
The vampire is lightly damaged. (Press . to maintain the ray.)
The vampire hits you but does no damage.
The vampire misses you.
You now have 12/21 mp.
The searing ray hits the vampire.
The vampire is moderately damaged.
The vampire hits you!
The vampire bites you but does no damage.
You take 8 damage, and have 38/57 hp.
You now have 11/21 mp.
The searing ray hits the vampire!
The vampire is severely damaged.
The vampire hits you! The vampire bites you!
* * * LOW HITPOINT WARNING * * *
The vampire draws strength from your injuries!
You take 21 damage, and have 17/57 hp.
MASSIVE DAMAGE!!
You now have 10/21 mp.
Unknown command.
Okay, then.
Casting: Searing Ray (safe; 1% risk of failure)
Confirm with . or Enter, or press ? or * to list all spells.
Restarting spell: Searing Ray (safe; 1% risk of failure)
Press: ? - help, Shift-Dir - straight line, f/p - vampire
Aim: a vampire (severely damaged, 83% to hit)
You feel a surge of power!
The searing ray hits the vampire but does no damage.
The vampire is severely damaged. (Press . to maintain the ray.)
The vampire draws life force from you!
* * * LOW HITPOINT WARNING * * *
The vampire is healed by the life force!
You take 10 damage, and have 7/57 hp.
You now have 8/21 mp.
It was a potion of mutation.
You feel extremely strange.
Your body twists and deforms.
You feel stronger. The vampire hits you!
* * * LOW HITPOINT WARNING * * *
The vampire bites you.
You die...

.#.# #..#...#.##.#
.#.#####..#.###.##.#####..
.........................>
.#######.##.######.######.
.##......##.# #.# ##..
###.........# #.###.....
#.....##### ##.........
#.....# ##...##.....
####### #@.#..# #..
#.V.##...# #....# #.##
#.###. .# #. #. .# ## ## #


You could see a vampire.

Vanquished Creatures
  Grinder (D:4)
  Sigmund (D:5)
  An ogre (D:5)
  3 scorpions
  A howler monkey (D:6)
  3 hounds
  3 orc priests
  A gnoll bouda (D:5)
  An iguana (D:5)
  3 orc wizards
  2 scorpion zombies (D:4)
  7 adders
  3 gnolls (D:5)
  An ufetubus (D:6)
  4 worms
  3 dart slugs
  20 orcs
  10 endoplasms
  7 giant cockroaches
  9 goblins
  9 hobgoblins
  7 jackals (D:2)
  4 quokkas
  5 ball pythons
  9 bats
  6 frilled lizards
  7 kobolds
  6 rats
137 creatures vanquished.

Notes
Turn   | Place    | Note
-------+----------+-------------------------------------------
     0 | D:1      | spardeous the Demigod Conjurer began the quest for the Orb.
     0 | D:1      | Reached XP level 1. HP: 14/14 MP: 5/5
   351 | D:1      | Reached XP level 2. HP: 20/20 MP: 3/7
   595 | D:1      | Reached skill level 4 in Conjurations
  1195 | D:1      | Found Ythralef's Antique Armour Shop.
  1228 | D:1      | Reached XP level 3. HP: 26/26 MP: 7/9
  1372 | D:1      | Learned a level 2 spell: Searing Ray
  2364 | D:2      | Reached XP level 4. HP: 33/33 MP: 5/11
  2369 | D:2      | Learned a level 4 spell: Iskenderun's Mystic Blast
  4439 | D:4      | Reached XP level 5. HP: 38/38 MP: 8/13
  4517 | D:4      | Reached skill level 5 in Conjurations
  4907 | D:4      | Noticed Grinder
  4913 | D:4      | Killed Grinder
  4914 | D:4      | Reached XP level 6. HP: 45/45 MP: 5/15
  5678 | D:5      | Entered Level 5 of the Dungeon
  5730 | D:5      | Reached skill level 6 in Conjurations
  5904 | D:5      | Reached XP level 7. HP: 50/50 MP: 5/17
  5974 | D:5      | Reached skill level 5 in Spellcasting
  6502 | D:5      | Noticed Sigmund
  6530 | D:5      | Killed Sigmund
  6531 | D:5      | Reached skill level 7 in Conjurations
  6839 | D:6      | Reached XP level 8. HP: 57/57 MP: 2/20
  7198 | D:6      | Gained mutation: Armour fits poorly on your strangely
                  | shaped body. [potion of mutation]
  7198 | D:6      | Gained mutation: Your muscles are strong. (Str +4, Int/Dex
                  | -1) [potion of mutation]
  7198 | D:6      | HP: 1/57 [vampire (7)]
  7198 | D:6      | Slain by a vampire

Illustrated notes

Levels and vault maps discovered:
D:1:      minmay_arrival_arboretum_large, layout_basic, serial_shops, shop
D:2:      minmay_diamond_boxcup, layout_basic, serial_rivers,
          chequers_serial_rivers_micro_a, chequers_serial_rivers_micro_c,
          chequers_serial_rivers_micro_e, chequers_serial_rivers_large_b
D:3:      layout_loops_corners
D:4:      layout_loops_ring, lemuel_zombie_altar_yredelemnul, uniq_grinder
D:5:      layout_rooms, uniq_sigmund
D:6:      layout_basic, minmay_temple_entry_sparse_star, roderic_three_in_a_row,
          kb_rosetta

Skill      XL: |  1  2  3  4  5  6  7 |
---------------+----------------------+-----
Spellcasting   | 2 3 4 6 |  6.1
Conjurations   | 4 5 6 7 |  7.4
Dodging        | |  1.7
Stealth        | |  1.7

Action                     |  1- 3 |  4- 6 |  7- 9 || total
---------------------------+-------+-------+-------++-------
  Melee: Staff             |       |     1 |       ||     1
   Cast: Magic Dart        |   114 |    95 |    54 ||   263
         Searing Ray       |     1 |    17 |    18 ||    36
    Use: Potion            |       |       |     1 ||     1
 Armour: Robe              |     4 |       |       ||     4
         Ring mail         |       |    10 |     5 ||    15
  Dodge: Dodged            |    41 |    15 |    18 ||    74
